 Dungeon Crawl Stone Soup version 0.28.0-1-gb440e238dd (webtiles) character file.

Game seed: 9894853494359684812

620 Floobenga the Cleaver (level 7, -10/62 HPs)
             Began as a Deep Dwarf Fighter on Feb 19, 2022.
             Was a Believer of Okawaru.
             Mangled by an orc knight (29 damage)
             ... in a bailey.
             The game lasted 00:33:56 (831 turns).

Floobenga the Cleaver (Deep Dwarf Fighter)           Turns: 831, Time: 00:33:57

Health: -10/62     AC: 11    Str: 22    XL:     7   Next: 22%
Magic:  9/9        EV:  9    Int:  8    God:    Okawaru [**....]
Gold:   106        SH:  6    Dex: 12    Spells: 6/6 levels left

rFire   . . .      SeeInvis .   b - +3 war axe
rCold   . . .      Faith    .   c - +0 buckler
rNeg    . . .      Spirit   .   i - +0 chain mail
rPois   .          Reflect  .   (no helmet)
rElec   .          Harm     .   (no cloak)
rCorr   .          Rampage  .   (no gloves)
Will    +....                   (no boots)
Stlth   ..........              (no amulet)
HPRegen 0.00/turn               (no ring)
MPRegen 0.11/turn               (no ring)

@: heroic, on berserk cooldown
A: damage resistance, heal wounds, sense surroundings 1, no regeneration
a: Heal Wounds, Renounce Religion, Heroism


You were in a bailey.
You worshipped Okawaru.
Okawaru was pleased with you.
You visited 2 branches of the dungeon, and saw 8 of its levels.
You also visited: Bailey.

You collected 106 gold pieces.

Inventory:

Hand Weapons
 b - a +3 war axe (weapon)
 g - a +0 hunting sling
 o - a +1 vorpal hand axe
 p - a +0 trident
Missiles
 m - 10 stones (quivered)
Armour
 c - a +0 buckler (worn)
 i - a +0 chain mail (worn)
Scrolls
 f - 2 scrolls of vulnerability {unknown}
 j - a scroll of amnesia {unknown}
 k - a scroll of immolation {unknown}
 l - a scroll of identify {unknown}
Potions
 d - a potion of might
 e - 2 potions of heal wounds
 h - a potion of berserk rage
 n - a potion of resistance {unknown}
 q - a potion of magic
 r - a potion of invisibility {unknown}
 s - a potion of cancellation {unknown}
 t - 2 potions of mutation {unknown}
 u - a potion of haste {unknown}


   Skills:
 + Level 3.0(8.0) Fighting
 - Level 8.0(13.0) Axes
 - Level 3.2(8.2) Armour
 - Level 3.2(8.2) Shields
 - Level 4.0 Invocations


You had 6 spell levels left.
You didn't know any spells.
Your spell library was empty.

Dungeon Overview and Level Annotations

Branches:
Dungeon (7/15)             Temple (1/1) D:4          Bailey (1/1)

Altars:
Gozag
Okawaru
Qazlal
Uskayaw
The Shining One


Innate Abilities, Weirdness & Mutations

You are resistant to damage.
You can heal yourself by infusing magical energy.
You passively map a small area around you.
You do not regenerate.


Message History

The orc hits you with a +0 hand axe. The orc hits you but does no damage.
You see here a +0 spear.
You closely miss the orc. You slash the orc!
You kill the orc!
Okawaru accepts your kill. The orc barely misses you.
You slash the orc!
You kill the orc!
Okawaru accepts your kill.
Training target 4.0 for Invocations reached!
Your Invocations skill increases to level 4!
You need to enable at least one skill for training.
Press: ? - help, v - describe, . - travel, g - get item Item here: a +0 hand axe.
An open gate.
There is an open gate, spattered with blood here.
You feel a strong urge to attack something.
You are no longer berserk.
You are exhausted.
You feel yourself slow down.
You close the gate, pushing everything out of the way.
Okay, then.
Unknown command.
Toss (no damage): +0 war axe
Press: ? - help, Shift-Dir - straight line You toss away a +0 war axe.
You open the gate.
An orc knight comes into view. It is wielding a +0 glaive.
The orc knight shouts!
The orc knight roars a battlecry!
You close the gate.
An orc knight opens the gate.
An orc warrior comes into view. It is wielding a +0 spear.
Things that are here:
a +0 spear; an orc corpse You feel yourself speed up.
Items here: )) ††.
You gain the combat prowess of a mighty hero.
The orc knight hits you from afar with a +0 glaive!!
The orc knight hits you with a +0 glaive.
Okay, then.
Unknown command.
It was a potion of magic.
Magic courses through your body.
The orc knight hits you with a +0 glaive!!
An orc comes into view. It is wielding a +0 trident.
You fail to use your ability.
The orc shouts!
The orc knight hits you with a +0 glaive!!
You die...

#..)..#
#)o.).#
##'''##
##.....##
#......)#
#.......#
#..#.#.[#
#..#8#o.#
#...)@))#
##..)).##
###'###
#...#
#...#
#...#
#...#
###'###
##.....##


You could see an orc knight and an orc (strong).

Vanquished Creatures
  3 orc warriors (Bailey)
  A water moccasin skeleton (D:6)
  3 orc priests (D:6)
  An iguana (D:4)
  2 orc wizards
  2 adders (D:2)
  A howler monkey skeleton (D:7)
  2 worms (D:2)
  2 dart slugs
  29 orcs
  4 ball pythons
  4 endoplasms
  3 hobgoblins
  2 bats (D:3)
  A frilled lizard (D:2)
  10 goblins
  A kobold (D:2)
  A rat (D:3)
72 creatures vanquished.

Notes
Turn   | Place    | Note
-------+----------+-------------------------------------------
     0 | D:1      | Floobenga the Deep Dwarf Fighter began the quest for the
                  | Orb.
     0 | D:1      | Reached XP level 1. HP: 20/20 MP: 1/1
    34 | D:2      | Reached skill level 3 in Axes
    34 | D:2      | Reached XP level 2. HP: 24/27 MP: 2/2
    60 | D:2      | Reached XP level 3. HP: 28/33 MP: 3/3
    61 | D:2      | Reached skill level 4 in Axes
   127 | D:1      | Reached skill level 3 in Fighting
   229 | D:3      | Reached XP level 4. HP: 23/42 MP: 4/4
   267 | D:4      | Found a staircase to the Ecumenical Temple.
   271 | Temple   | Entered the Ecumenical Temple
   283 | Temple   | Became a worshipper of Warmaster Okawaru
   434 | D:4      | Reached skill level 5 in Axes
   533 | D:5      | Entered Level 5 of the Dungeon
   585 | D:6      | Reached XP level 5. HP: 26/49 MP: 5/5
   589 | D:6      | Reached skill level 6 in Axes
   601 | D:6      | Reached * piety under Okawaru
   626 | D:6      | Reached XP level 6. HP: 43/56 MP: 6/6
   638 | D:7      | Found a flagged portal.
   648 | D:7      | Reached skill level 7 in Axes
   655 | Bailey   | Entered a bailey
   667 | Bailey   | Noticed an orc warrior
   692 | Bailey   | Killed an orc warrior
   693 | Bailey   | Reached skill level 3 in Invocations
   732 | Bailey   | Noticed an orc warrior
   733 | Bailey   | Noticed an orc warrior
   747 | Bailey   | Killed an orc warrior
   747 | Bailey   | Reached ** piety under Okawaru
   751 | Bailey   | Killed an orc warrior
   752 | Bailey   | Reached skill level 8 in Axes
   752 | Bailey   | Reached XP level 7. HP: 41/62 MP: 6/8
   784 | Bailey   | Noticed an orc knight
   820 | Bailey   | Noticed an orc knight
   831 | Bailey   | Mangled by an orc knight

Illustrated notes

Levels and vault maps discovered:
D:1:      lightli_arrival_statuegarden, layout_basic, serial_shops, shop, shop,
          hellmonk_ecumenical_altar_run_dry, interstate_on_off,
          minmay_statues_item, moated_statue, minmay_ruptured
D:2:      layout_basic, minmay_splitting_lines, minivault_11
D:3:      layout_basic
D:4:      layout_cave_pods, lemuel_temple_firewalk_a, serial_park_tiny_2,
          uniq_blork_the_orc
D:5:      layout_rooms, due_unseen_surprise
D:6:      layout_loops_ring, nicolae_overflow_hidden_temple,
          nicolae_shop_clearance, uniq_maggie, uniq_pikel
D:7:      layout_layer_cave, enter_bailey_5
Temple:   dpeg_three_leaves_temple
Bailey:   bailey_polearm_5, bailey

Skill      XL: |  1  2  3  4  5  6  7 |
---------------+----------------------+-----
Axes           | 3 4 5 6 8 |  8.0
Fighting       | 3 |  3.0
Invocations    | 3 4 |  4.0
Armour         | |  3.2
Shields        | |  3.2

Action                   |  1- 3 |  4- 6 |  7- 9 || total
-------------------------+-------+-------+-------++-------
Melee: War axe           |    74 |    83 |    11 ||   168
       Hand axe          |       |    13 |       ||    13
Throw: Stone             |       |     9 |       ||     9
Invok: Heroism           |       |     2 |     1 ||     3
 Abil: Heal Wounds       |     1 |     8 |     1 ||    10
  Use: Potion            |       |     1 |     2 ||     3
Armor: Scale mail        |    49 |       |       ||    49
       Chain mail        |       |    63 |     7 ||    70
Dodge: Dodged            |    45 |    49 |     5 ||    99
Block: Buckler           |    14 |    39 |     3 ||    56
